 Dungeon Crawl Stone Soup version 0.29.1-2-gbd0b4ee654 (webtiles) character file.

Game seed: 607133900080765992

5739 Icepheonix32 the Fighter (level 10, -2/93 HPs)
             Began as a Minotaur Fighter on Oct 27, 2022.
             Was a Follower of Okawaru.
             Blown up by Pikel (12 damage)
             ... with a mindburst bolt
             ... on level 8 of the Dungeon.
             The game lasted 00:11:04 (11509 turns).

Icepheonix32 the Fighter (Minotaur Fighter)        Turns: 11509, Time: 00:11:04

Health: -2/93      AC: 10    Str: 21    XL:     10   Next: 49%
Magic:  12/12      EV: 10    Int:  7    God:    Okawaru [*.....]
Gold:   513        SH: 13    Dex: 12    Spells: 9/9 levels left

rFire   . . .      SeeInvis .   k - +2 spear (distort)
rCold   . . .      Faith    .   x - +2 kite shield
rNeg    . . .      Spirit   .   b - +0 scale mail
rPois   .          Reflect  .   (helmet restricted)
rElec   .          Harm     .   (no cloak)
rCorr   .          Rampage  .   E - +0 pair of gloves
Will    .....                   (no boots)
Stlth   ..........              (no amulet)
HPRegen 0.25/turn               (no ring)
MPRegen 0.13/turn               (no ring)

@: studying Shields
A: horns 2, retaliatory headbutt
a: Renounce Religion, Heroism


You were on level 8 of the Dungeon.
You worshipped Okawaru.
Okawaru was aware of your devotion.
You visited 2 branches of the dungeon, and saw 9 of its levels.

You collected 513 gold pieces.

Inventory:

Hand Weapons
 a - a +2 halberd of holy wrath
 d - a +1 vorpal morningstar
 e - a +2 spear of freezing
 k - a +2 spear of distortion (weapon)
 q - a +0 trident of protection
Missiles
 m - 7 curare-tipped darts (quivered)
Armour
 b - a +0 scale mail (worn)
 h - a +0 ring mail of poison resistance
 x - a +2 kite shield (worn)
 A - a +0 plate armour
 E - a +0 pair of gloves (worn)
Jewellery
 r - a ring of magical power
 u - an amulet of the acrobat
Wands
 y - a wand of iceblast (7)
Scrolls
 g - 2 scrolls of noise
 i - a scroll of brand weapon {unknown}
 l - a scroll of silence
 o - 2 scrolls of poison
Potions
 c - a potion of degeneration {unknown}
 f - a potion of cancellation {unknown}
 j - a potion of heal wounds
 n - 2 potions of magic
 p - 4 potions of lignification
 s - 3 potions of flight
 t - 2 potions of attraction
 v - 2 potions of brilliance
 z - 4 potions of mutation
 B - a potion of berserk rage {unknown}
 C - a potion of curing
 D - a potion of invisibility {unknown}


   Skills:
 * Level 9.9 Fighting
 - Level 3.3(6.7) Axes
 - Level 6.1(6.5) Maces & Flails
 + Level 6.6(7.0) Polearms
 + Level 0.7 Throwing
 + Level 9.8 Armour
 + Level 3.7 Dodging
 + Level 0.3 Stealth
 + Level 9.9 Shields
 * Level 4.1 Invocations


You had 9 spell levels left.
You didn't know any spells.
Your spell library contained the following spells:

 Spells                   Type           Power      Damage    Failure   Level
 Apportation              Tloc           0%         N/A       94%         1
 Magic Dart               Conj           0%         1d3       94%         1
 Necrotise                Necr           0%         1d4       94%         1
 Shock                    Conj/Air       0%         1d3       94%         1
 Searing Ray              Conj           0%         2d4       98%         2
 Dazzling Flash           Conj/Hex       0%         N/A       100%        3
 Mephitic Cloud           Conj/Pois/Air  0%         N/A       100%        3
 Ozocubu's Armour         Ice            0%         N/A       100%        3
 Swiftness                Air            0%         N/A       100%        3
 Vampiric Draining        Necr           0%         2d6       100%        3
 Airstrike                Air            0%         2d(0-16)  100%        4
 Fulminant Prism          Conj/Hex       0%         3d6       100%        4
 Iskenderun's Mystic Bla  Conj/Tloc      0%         2d3       100%        4
 Agony                    Necr           0%         N/A       100%        5
 Lee's Rapid Deconstruct  Erth           0%         3d5*      100%        5
 Silence                  Hex/Air        0%         N/A       100%        5
 Ozocubu's Refrigeration  Ice            0%         4d7       100%        7
 Summon Small Mammal      Summ           Unusable   N/A       N/A         1
 Call Imp                 Summ           Unusable   N/A       N/A         2

Dungeon Overview and Level Annotations

Branches:
Dungeon (8/15)             Temple (1/1) D:7
   Lair: D:8-11

Altars:
Ashenzari
Cheibriados
Dithmenos
Elyvilon
Fedhas
Gozag
Hepliaklqana
Kikubaaqudgha
Makhleb
Nemelex Xobeh
Okawaru
Qazlal
Ru
Sif Muna
Trog
Uskayaw
Vehumet
Wu Jian
Xom
Yredelemnul
Zin
The Shining One

Shops:
D:1 :[=   D:8 =

Annotations:
D:8 3 runed translucent doors, LustLizard's ghost, novice DjFE; Pikel
Abyss:1 Gastronok


Innate Abilities, Weirdness & Mutations

You have a pair of horns on your head.
You reflexively headbutt those who attack you in melee.


Message History

You hit Pikel but do no damage.
Space warps horribly around Pikel!
Your headbutt misses Pikel.
Pikel is heavily wounded.
Pikel zaps a wand.
Your mind is blasted!
The lemure misses you.
You closely miss Pikel.
Pikel is heavily wounded.
Pikel hits you but does no damage. The lemure barely misses you.
You furiously retaliate!
You headbutt the lemure. You barely miss Pikel. Your headbutt misses Pikel.
Pikel is heavily wounded.
Pikel barely misses you. The lemure barely misses you. You furiously retaliate!
You headbutt the lemure, but do no damage.
You barely miss Pikel.
Pikel is heavily wounded.
You block Pikel's attack. The lemure hits you.
You hit Pikel but do no damage.
Pikel is heavily wounded.
You hit Pikel.
Pikel is heavily wounded.
Pikel blinks!
You block the lemure's attack.
Pikel zaps a wand.
Your mind is blasted!
* * * LOW HITPOINT WARNING * * *
The lemure hits you.
* * * LOW HITPOINT WARNING * * *
The lemure hits you but does no damage.
Throw: throwing net
Press: ? - help, Q - select action, (/) - cycle Shift-Dir - straight line, f - lemure
Aim: a lemure (moderately wounded, 55% to hit)
Okay, then.
Reach: k) +2 spear (distort)
Press: ? - help, Dir - move target There's something in the way.
Throw: throwing net
Press: ? - help, Q - select action, (/) - cycle Shift-Dir - straight line, f - Pikel
Aim: Pikel, wielding a +2 whip of electrocution, wearing a +0 robe and carrying a wand of mindburst (7) (heavily wounded, 55% to hit)
You throw a throwing net. The throwing net hits Pikel.
Pikel is caught in the net!
Pikel is heavily wounded.
Pikel zaps a wand.
Your mind is blasted!
You die...

#..##..
#..........# #.#..
.......##
##.........# #.>##.
#..)..)####.....###
... ##.
##.###).##.........
. ##..
##..รท..##..##.
#... ##.#..# ..#
..... #)##..## .#
.....
........###.5##.#
##... .......##
#@.K# #... #.....#
#.##....# # ##....
#. #)$.# #.... ..
..... #... ##. #...
#.## ## ..# ## .


You could see Pikel (caught) and a lemure.

Vanquished Creatures
  5 yaks (D:8)
  2 water moccasins
  3 sky beasts (D:7)
  An orc warrior (D:6)
  3 ice beasts
  5 black bears
  2 ogres (D:5)
  2 lemures (D:8)
  3 centaurs
  A phantom (D:5)
  A kobold brigand (D:8)
  2 bullfrogs
  2 gnoll sergeants
  A necrophage (D:6)
  3 scorpions
  6 killer bees
  2 howler monkeys
  A jelly (D:7)
  A gnoll bouda (D:6)
  4 orc priests
  4 hounds
  Jessica (D:3)
  2 iguanas
  7 orc wizards
  23 gnolls
  5 adders
  A shadow imp (D:6)
  An ufetubus (D:7)
  4 worms
  A dart slug (D:5)
  26 orcs
  6 ball pythons
  3 endoplasms
  4 giant cockroaches
  5 goblins
  5 hobgoblins
  8 jackals
  A quokka (D:4)
  A bat (D:3)
  2 frilled lizards (D:2)
  11 kobolds
  4 rats
175 creatures vanquished.

Vanquished Creatures (others)
  2 fungi (D:7)
  A plant (D:4)
  3 toadstools (D:7)
6 creatures vanquished.

Grand Total: 181 creatures vanquished

Notes
Turn   | Place    | Note
-------+----------+-------------------------------------------
     0 | D:1      | Icepheonix32 the Minotaur Fighter began the quest for the
                  | Orb.
     0 | D:1      | Reached XP level 1. HP: 19/19 MP: 0/0
    49 | D:1      | Found Zekyin's Jewellery Boutique.
    72 | D:1      | Found Wymm's Armour Emporium.
   146 | D:1      | Found a faded altar of an unknown god.
   154 | D:1      | Reached XP level 2. HP: 25/27 MP: 1/1
   191 | D:1      | Found Naorijap's Book Boutique.
   802 | D:1      | Found a shadowy altar of Dithmenos.
   913 | D:2      | Reached XP level 3. HP: 30/33 MP: 2/2
  1158 | D:2      | Found an opulent altar of Gozag.
  1704 | D:3      | HP: 1/33 [orc priest/+0 whip (3)]
  1706 | D:3      | Reached XP level 4. HP: 1/40 MP: 3/3
  2881 | D:3      | Noticed Jessica
  2887 | D:3      | Killed Jessica
  2888 | D:3      | Reached skill level 1 in Maces & Flails
  2888 | D:3      | Reached XP level 5. HP: 44/47 MP: 4/4
  3096 | D:4      | Reached skill level 5 in Fighting
  3100 | D:4      | Reached skill level 1 in Dodging
  3441 | D:4      | Noticed a black bear
  3455 | D:4      | Killed a black bear
  3456 | D:4      | Reached skill level 5 in Armour
  3456 | D:4      | Reached XP level 6. HP: 20/56 MP: 5/5
  3933 | D:4      | Reached skill level 5 in Shields
  4083 | D:4      | Reached XP level 7. HP: 17/63 MP: 6/6
  4637 | D:4      | Identified a scroll of acquirement
  4637 | D:4      | Acquired a manual of Shields
  4729 | D:5      | Entered Level 5 of the Dungeon
  5369 | D:5      | Reached skill level 5 in Maces & Flails
  5369 | D:5      | Reached XP level 8. HP: 36/71 MP: 7/7
  7701 | D:6      | Found a bloodstained altar of Trog.
  7758 | D:6      | Reached skill level 1 in Polearms
  8299 | D:6      | Reached XP level 9. HP: 48/82 MP: 8/8
  8810 | D:6      | HP: 3/82 [killer bee (8)]
  9162 | D:7      | Found a staircase to the Ecumenical Temple.
  9200 | Temple   | Entered the Ecumenical Temple
  9498 | Temple   | Became a worshipper of Warmaster Okawaru
  9678 | D:7      | Reached skill level 1 in Invocations
 10066 | D:7      | Found a shadowy altar of Dithmenos.
 10353 | D:7      | Found a glowing silver altar of Zin.
 10353 | D:7      | Found a hide-covered altar of Uskayaw.
 10355 | D:7      | Found a shimmering blue altar of Sif Muna.
 10416 | D:8      | Reached * piety under Okawaru
 10423 | D:8      | Reached XP level 10. HP: 36/92 MP: 9/11
 10436 | D:8      | Reached skill level 5 in Polearms
 10892 | D:8      | Found Ymuhis's Jewellery Shop.
 11167 | D:8      | Found a runed translucent gate.
 11168 | D:8      | Found a runed translucent gate.
 11170 | D:8      | Found a runed translucent gate.
 11172 | D:8      | Noticed LustLizard's ghost (novice DjFE)
 11176 | D:8      | Noticed Gastronok
 11187 | D:8      | Banished Gastronok
 11477 | D:8      | Noticed Pikel
 11509 | D:8      | Blown up by Pikel

Illustrated notes

Levels and vault maps discovered:
D:1:      dpeg_arrival_lava_altar, layout_loops_ring, serial_shops, shop,
          nicolae_shop_waterfront, nicolae_shop_statue_plus,
          hellmonk_ecumenical_altar_dog_temple
D:2:      wad_pebble_path, layout_basic, basic_altar
D:3:      layout_basic, minivault_26, nicolae_wormholes, uniq_jessica
D:4:      wad_lake_hut, layout_loops_ring
D:5:      layout_basic, moated_statue, nicolae_hexahallways
D:6:      minmay_diamond_boxcup, layout_loops_cross, kennysheep_mini,
          minmay_misc_feat_hallway
D:7:      layout_cave_pools, mainiacjoe_overflow_alcove_1,
          nicolae_overflow_hidden_temple, minmay_temple_entry_drinking_statues,
          minmay_gold_behind_fungi, moated_statue,
          chequers_serial_rivers_micro_e, grunt_tough_drop
D:8:      layout_layer_cave, serial_shops, shop, gammafunk_ghost_necromancy,
          uniq_pikel, uniq_gastronok
Temple:   sentei_temple_godly_chess

Skill      XL: |  1  2  3  4  5  6  7  8  9 10 |
---------------+-------------------------------+-----
Shields        | 4 5 6 9 |  9.9
Armour         | 4 5 6 8 9 |  9.8
Fighting       | 4 5 6 8 9 |  9.9
Axes           | 3 |  3.3
Maces & Flails | 1 2 3 5 6 |  6.1
Dodging        | 1 2 3 |  3.7
Polearms       | 2 4 6 |  6.6
Invocations    | 2 4 |  4.1
Throwing       | |  0.7
Stealth        | |  0.3

Action                   |  1- 3 |  4- 6 |  7- 9 | 10-12 || total
-------------------------+-------+-------+-------+-------++-------
Melee: War axe           |    72 |       |       |       ||    72
       Headbutt          |     6 |    19 |    45 |    10 ||    80
       Morningstar       |       |   122 |    97 |       ||   219
       Spear             |       |       |   207 |   107 ||   314
Throw: Dart              |       |       |     3 |     3 ||     6
       Throwing net      |       |       |       |     1 ||     1
  Use: Potion            |     1 |       |    15 |       ||    16
       Scroll            |       |       |    16 |       ||    16
Armor: Scale mail        |    38 |    79 |   102 |    15 ||   234
Dodge: Dodged            |    35 |    68 |   158 |    18 ||   279
Block: Buckler           |    16 |    36 |    30 |       ||    82
       Kite shield       |       |       |   169 |    41 ||   210
